General information
- name: BNet
- type: Ladder team game (AT/RT)
- host: Battle.net
- saver: Hurjsakclamebai
map: FullScaleAssault
- players: 8
- length: 22:02
- speed: Fast
- version: 1.26 W3XP
- replay type: Public
» download(151 KB)
Players
team 1 (winner)
Zeed (
orange | 41 APM | 902 actions | 22:01)
5 Tauren Chieftain
3 War Stomp
2 Endurance Aura
» actions
| Assign group hotkey | 5 | |
| Basic commands | 30 | |
| Build / train | 63 | |
| Enter build submenu | 15 | |
| Enter hero's abilities submenu | 5 | |
| Give item / drop item | 2 | |
| Remove unit from queue | 12 | |
| Right click | 461 | |
| Select / deselect | 159 | |
| Select group hotkey | 105 | |
| Use ability | 45 | |
902 total
» units
» upgrades
| Armor | 3 | |
| Melee Weapons | 3 | |
| Shaman Training | 2 | |
| Pulverize | 1 | |
9 total
» buildings
| War Mill | 1 | |
| Orc Burrow | 8 | |
| Altar of Storms | 1 | |
| Great Hall | 1 | |
| Stronghold | 1 | |
| Voodoo Lounge | 1 | |
| Fortress | 1 | |
| Spirit Lodge | 1 | |
| Tauren Totem | 2 | |
17 total
» build order
00:53 War Mill
01:31 Orc Burrow
01:37 Altar of Storms
02:28 Orc Burrow
03:25 Orc Burrow
04:20 Orc Burrow
04:27 Great Hall
04:43 Stronghold
05:27 Voodoo Lounge
07:09 Fortress
07:12 Spirit Lodge
09:52 Tauren Totem
09:56 Tauren Totem
10:22 Orc Burrow
12:08 Orc Burrow
14:28 Orc Burrow
15:21 Orc Burrow
» items
| Healing Salve | 1 | |
| Potion of Healing | 1 | |
| Boots of Speed | 1 | |
| Circlet of Nobility | 2 | |
| Staff of Teleportation | 1 | |
| Scroll of Town Portal | 1 | |
7 total
LactatingMonkey (
teal | 34 APM | 751 actions | 22:01)
5 Archmage
3 Summon Water Elemental
2 Brilliance Aura
» actions
| Assign group hotkey | 11 | |
| Basic commands | 1 | |
| Build / train | 72 | |
| Enter build submenu | 21 | |
| Enter hero's abilities submenu | 5 | |
| Give item / drop item | 7 | |
| Right click | 324 | |
| Select / deselect | 183 | |
| Select group hotkey | 62 | |
| Use ability | 65 | |
751 total
» units
| Peasant | 10 | |
| Footman | 18 | |
| Sorceress | 22 | |
| Blue Drake | 1 | |
| Blue Dragon Whelp | 1 | |
| Priest | 2 | |
54 total
» upgrades
| Lumber Harvesting | 2 | |
| Sorceress Training | 2 | |
| Priest Training | 2 | |
| Masonry | 3 | |
9 total
» buildings
| Altar of Kings | 1 | |
| Farm | 12 | |
| Barracks | 1 | |
| Lumber Mill | 1 | |
| Arcane Vault | 1 | |
| Keep | 1 | |
| Arcane Sanctum | 2 | |
| Castle | 1 | |
| Town Hall | 1 | |
21 total
» build order
00:25 Altar of Kings
00:37 Farm
00:55 Barracks
01:10 Farm
01:22 Lumber Mill
02:01 Arcane Vault
03:03 Farm
03:22 Farm
03:48 Keep
04:11 Farm
05:00 Farm
06:15 Farm
06:20 Arcane Sanctum
06:21 Arcane Sanctum
06:57 Castle
07:20 Farm
13:51 Town Hall
14:23 Farm
15:13 Farm
16:49 Farm
17:35 Farm

»
OuttaRage (
purple | 69 APM | 1519 actions | 22:01)
5 Death Knight
3 Death Coil
2 Unholy Aura
3 Lich
2 Frost Nova
1 Frost Armor
3 Crypt Lord
2 Impale
1 Spiked Carapace
» actions
| Assign group hotkey | 24 | |
| Build / train | 73 | |
| ESC pressed | 1 | |
| Enter build submenu | 23 | |
| Enter hero's abilities submenu | 11 | |
| Give item / drop item | 1 | |
| Remove unit from queue | 9 | |
| Right click | 383 | |
| Select / deselect | 189 | |
| Select group hotkey | 749 | |
| Use ability | 56 | |
1519 total
» units
| Acolyte | 8 | |
| Ghoul | 3 | |
| Crypt Fiend | 2 | |
| Gargoyle | 7 | |
| Frost Wyrm | 5 | |
25 total
» upgrades
| Creature Attack | 3 | |
| Creature Carapace | 3 | |
| Web | 1 | |
| Stone Form | 1 | |
| Freezing Breath | 1 | |
9 total
» buildings
| Ziggurat | 9 | |
| Altar of Darkness | 1 | |
| Crypt | 2 | |
| Graveyard | 1 | |
| Tomb of Relics | 1 | |
| Halls of the Dead | 3 | |
| Sacrificial Pit | 1 | |
| Black Citadel | 2 | |
| Boneyard | 2 | |
| Necropolis | 1 | |
23 total
» build order
00:12 Ziggurat
00:16 Ziggurat
00:34 Altar of Darkness
01:07 Crypt
01:37 Graveyard
02:27 Tomb of Relics
03:08 Ziggurat
05:14 Halls of the Dead
05:14 Halls of the Dead
05:35 Ziggurat
05:49 Ziggurat
08:29 Sacrificial Pit
09:22 Black Citadel
09:22 Black Citadel
09:55 Crypt
10:34 Ziggurat
11:02 Ziggurat
11:42 Ziggurat
12:02 Boneyard
12:40 Ziggurat
13:47 Boneyard
20:14 Necropolis
» items
| Rod of Necromancy | 1 | |
| Boots of Speed | 1 | |
| Scroll of Town Portal | 1 | |
| Orb of Lightning | 1 | |
4 total
Hurjsakclamebai (
blue | 77 APM | 1694 actions | 22:02)
5 Blademaster
3 Wind Walk
2 Critical Strike
» actions
| Assign group hotkey | 20 | |
| Basic commands | 24 | |
| Build / train | 65 | |
| ESC pressed | 2 | |
| Enter build submenu | 41 | |
| Enter hero's abilities submenu | 5 | |
| Give item / drop item | 3 | |
| Right click | 710 | |
| Select / deselect | 305 | |
| Select group hotkey | 420 | |
| Use ability | 99 | |
1694 total
» units
| Peon | 14 | |
| Grunt | 5 | |
| Goblin Shredder | 1 | |
| Raider | 5 | |
| Blue Dragon | 1 | |
26 total
» upgrades
| Melee Weapons | 3 | |
| Armor | 3 | |
| Berserker Strength | 1 | |
| Ensnare | 1 | |
| Spiked Barricades | 3 | |
| Pillage | 1 | |
| Reinforced Defenses | 1 | |
| War Drums Damage Increase | 1 | |
| Liquid Fire | 1 | |
| Envenomed Spears | 1 | |
| Berserker Upgrade | 1 | |
| Burning Oil | 1 | |
18 total
» buildings
| Altar of Storms | 1 | |
| Orc Burrow | 4 | |
| Barracks | 1 | |
| Voodoo Lounge | 1 | |
| War Mill | 1 | |
| Stronghold | 5 | |
| Beastiary | 2 | |
| Great Hall | 3 | |
| Watch Tower | 24 | |
| Fortress | 1 | |
43 total
» build order
00:05 Altar of Storms
00:09 Orc Burrow
00:32 Barracks
01:32 Orc Burrow
03:10 Voodoo Lounge
03:15 War Mill
03:45 Stronghold
03:45 Stronghold
03:45 Stronghold
05:01 Orc Burrow
06:18 Beastiary
06:23 Beastiary
06:47 Great Hall
07:47 Orc Burrow
08:03 Watch Tower
10:26 Fortress
10:29 Great Hall
10:56 Great Hall
12:04 Watch Tower
12:05 Watch Tower
13:19 Watch Tower
13:23 Watch Tower
14:52 Watch Tower
14:53 Watch Tower
14:58 Watch Tower
14:59 Watch Tower
15:07 Watch Tower
16:11 Watch Tower
16:19 Watch Tower
17:11 Watch Tower
17:15 Watch Tower
17:18 Watch Tower
17:43 Watch Tower
18:29 Watch Tower
18:35 Watch Tower
19:21 Watch Tower
19:25 Watch Tower
19:32 Watch Tower
21:26 Watch Tower
21:32 Watch Tower
21:37 Watch Tower
» items
| Boots of Speed | 1 | |
| Scroll of Town Portal | 2 | |
| Healing Salve | 3 | |
| Orb of Lightning | 2 | |
8 total
team 2 (loser)
Ud972 (
green | 52 APM | 1072 actions | 20:40)
3 Goblin Tinker
2 Pocket Factory
1 Engineering Upgrade
2 Beastmaster
1 Summon Quilbeast
1 Summon Hawk
» actions
| Assign group hotkey | 118 | |
| Basic commands | 27 | |
| Build / train | 43 | |
| Enter build submenu | 18 | |
| Enter hero's abilities submenu | 5 | |
| Give item / drop item | 2 | |
| Remove unit from queue | 1 | |
| Right click | 314 | |
| Select / deselect | 229 | |
| Select group hotkey | 239 | |
| Use ability | 76 | |
1072 total
» units
| Wisp | 14 | |
| Faerie Dragon | 3 | |
| Chimaera | 4 | |
21 total
» upgrades
| Strength of the Wild | 2 | |
| Nature's Blessing | 1 | |
| Corrosive Breath | 1 | |
4 total
» buildings
| Altar of Elders | 1 | |
| Moon Well | 8 | |
| Tree of Ages | 1 | |
| Hunter's Hall | 1 | |
| Ancient of Wonders | 1 | |
| Tree of Eternity | 1 | |
| Ancient of Wind | 1 | |
| Tree of Life | 2 | |
| Chimaera Roost | 3 | |
19 total
» build order
00:11 Altar of Elders
00:19 Moon Well
01:07 Moon Well
01:11 Moon Well
02:07 Moon Well
02:45 Tree of Ages
03:04 Hunter's Hall
03:47 Ancient of Wonders
05:18 Tree of Eternity
05:42 Moon Well
05:47 Ancient of Wind
06:38 Tree of Life
07:43 Chimaera Roost
07:47 Chimaera Roost
07:55 Chimaera Roost
09:18 Moon Well
09:21 Moon Well
12:44 Tree of Life
17:07 Moon Well
» items
| Staff of Preservation | 2 | |
| Lesser Clarity Potion | 1 | |
| Scroll of Town Portal | 2 | |
| Boots of Speed | 1 | |
| Staff of Teleportation | 2 | |
8 total
bernardolr (
yellow | 28 APM | 610 actions | 21:55)
3 Archmage
2 Summon Water Elemental
1 Brilliance Aura
1 Paladin
1 Holy Light
» actions
| Assign group hotkey | 16 | |
| Basic commands | 7 | |
| Build / train | 47 | |
| ESC pressed | 4 | |
| Enter build submenu | 23 | |
| Enter hero's abilities submenu | 4 | |
| Remove unit from queue | 3 | |
| Right click | 175 | |
| Select / deselect | 156 | |
| Select group hotkey | 129 | |
| Use ability | 46 | |
610 total
» units
| Peasant | 21 | |
| Footman | 7 | |
| Sorceress | 1 | |
29 total
» upgrades
| Plating | 2 | |
| Swords | 2 | |
| Animal War Training | 1 | |
5 total
» buildings
| Barracks | 1 | |
| Farm | 17 | |
| Altar of Kings | 1 | |
| Town Hall | 2 | |
| Keep | 1 | |
| Blacksmith | 1 | |
| Lumber Mill | 1 | |
| Castle | 1 | |
| Arcane Sanctum | 2 | |
27 total
» build order
00:12 Barracks
00:36 Farm
00:52 Altar of Kings
01:03 Farm
02:00 Farm
04:20 Town Hall
04:34 Keep
05:25 Blacksmith
06:06 Lumber Mill
06:58 Farm
07:17 Farm
08:15 Castle
08:51 Farm
08:54 Arcane Sanctum
08:56 Arcane Sanctum
16:38 Farm
16:41 Farm
16:44 Farm
16:45 Farm
16:45 Farm
17:41 Farm
19:46 Farm
19:47 Farm
19:48 Farm
19:49 Farm
19:50 Farm
20:45 Town Hall
» items
| Boots of Speed | 1 | |
| Periapt of Vitality | 1 | |
2 total

»
Daffy_Duck (
red | 40 APM | 870 actions | 22:01)
5 Priestess of the Moon
3 Trueshot Aura
2 Scout
» actions
| Assign group hotkey | 22 | |
| Basic commands | 2 | |
| Build / train | 78 | |
| Enter build submenu | 17 | |
| Enter hero's abilities submenu | 5 | |
| Give item / drop item | 5 | |
| Right click | 284 | |
| Select / deselect | 290 | |
| Select group hotkey | 132 | |
| Use ability | 35 | |
870 total
» units
| Wisp | 15 | |
| Archer | 31 | |
| Goblin Zeppelin | 1 | |
47 total
» upgrades
| Improved Bows | 1 | |
| Strength of the Moon | 3 | |
| Marksmanship | 1 | |
| Moon Armor | 3 | |
| Well Spring | 1 | |
| Nature's Blessing | 1 | |
10 total
» buildings
| Moon Well | 8 | |
| Altar of Elders | 2 | |
| Ancient of War | 2 | |
| Tree of Ages | 1 | |
| Tree of Life | 1 | |
| Hunter's Hall | 1 | |
| Tree of Eternity | 2 | |
| Ancient of Wonders | 2 | |
19 total
» build order
00:12 Moon Well
00:47 Altar of Elders
00:56 Altar of Elders
01:42 Ancient of War
01:44 Ancient of War
01:55 Moon Well
02:07 Moon Well
04:16 Tree of Ages
05:36 Tree of Life
05:45 Hunter's Hall
06:55 Moon Well
06:57 Tree of Eternity
06:58 Tree of Eternity
08:13 Moon Well
09:08 Moon Well
10:17 Ancient of Wonders
15:11 Ancient of Wonders
18:20 Moon Well
18:27 Moon Well
» items
| Scroll of Town Portal | 3 | |
| Orb of Venom | 1 | |
| Anti-magic Potion | 1 | |
5 total
C0BRA_187 (
pink | 101 APM | 2200 actions | 21:46)
4 Blademaster
2 Critical Strike
2 Wind Walk
1 Tauren Chieftain
1 Endurance Aura
» actions
| Assign group hotkey | 22 | |
| Build / train | 116 | |
| Enter build submenu | 21 | |
| Enter hero's abilities submenu | 5 | |
| Give item / drop item | 7 | |
| Right click | 1142 | |
| Select / deselect | 329 | |
| Select group hotkey | 475 | |
| Use ability | 82 | |
2200 total
» units
| Peon | 11 | |
| Grunt | 11 | |
| Goblin Shredder | 4 | |
| Troll Headhunter/Berserker | 9 | |
| Goblin Zeppelin | 2 | |
| Shaman | 4 | |
| Troll Witch Doctor | 3 | |
44 total
» upgrades
| Pillage | 1 | |
| Backpack | 1 | |
| Armor | 3 | |
| Melee Weapons | 2 | |
| Ranged Weapons | 2 | |
| Spiked Barricades | 1 | |
| Berserker Strength | 1 | |
| Troll Regeneration | 1 | |
| Shaman Training | 2 | |
| Witch Doctor Training | 2 | |
| Berserker Upgrade | 1 | |
17 total
» buildings
| Orc Burrow | 9 | |
| Altar of Storms | 1 | |
| Barracks | 2 | |
| War Mill | 2 | |
| Voodoo Lounge | 1 | |
| Great Hall | 1 | |
| Stronghold | 3 | |
| Spirit Lodge | 2 | |
| Fortress | 3 | |
24 total
» build order
00:14 Orc Burrow
00:25 Altar of Storms
01:04 Orc Burrow
01:39 Barracks
01:59 Barracks
02:36 War Mill
02:46 Voodoo Lounge
03:20 Orc Burrow
04:59 Great Hall
07:05 Orc Burrow
09:07 Stronghold
09:07 Stronghold
09:07 Stronghold
09:23 Orc Burrow
09:49 War Mill
10:28 Orc Burrow
11:28 Orc Burrow
11:37 Spirit Lodge
11:40 Fortress
11:41 Fortress
11:41 Fortress
12:36 Spirit Lodge
13:35 Orc Burrow
20:26 Orc Burrow
» items
| Healing Salve | 4 | |
| Orb of Lightning | 1 | |
| Scroll of Protection | 1 | |
| Scroll of Healing | 1 | |
| Scroll of Speed | 1 | |
8 total
Chat log
(00:43 / All) Zeed: i sat here smoking weed for a half hour waiting for a game
(01:01 / All) LactatingMonkey: why didnt you call me
(01:04 / All) Daffy_Duck: hi
(01:20 / Allies) Hurjsakclamebai: units?
(01:25 / All) Zeed: dude i would have loved to smoke with u if it was possible
(01:52 / Allies) LactatingMonkey: id love a wake and bake right now
(02:05 / All) Zeed: ive managed to let go of my ego
(02:49 / Allies) Zeed: tc right to tauren
(02:53 / Allies) Zeed: i need help clearing expo
(02:56 / Allies) Zeed: ill be the meat
(03:03 / Allies) Zeed: all heros plz
(03:33 / Allies) Zeed: teal plz
(04:28 / Allies) Zeed: ty
(04:30 / Allies) Zeed: tauren and shams
(04:30 / Allies) Hurjsakclamebai: np
(07:00 / Allies) Zeed: everyone
(07:23 / Allies) Zeed: come come
(07:40 / Allies) Hurjsakclamebai: omw
(07:45 / Allies) Zeed: all
(07:45 / Allies) Zeed: all
(07:59 / Allies) Zeed: creep jack
(08:07 / Allies) Zeed: attack when wek
(09:10 / Allies) Zeed: tp
(09:13 / Allies) Zeed: ill pay for it
(09:32 / Allies) Hurjsakclamebai: ty
(09:38 / Allies) Zeed: ty
(09:47 / Allies) OuttaRage: repiar
(10:57 / Allies) Zeed: no aa
(11:15 / Allies) Zeed: rubn
(14:30 / Allies) Zeed: tauren here
(14:31 / Allies) Zeed: lets hit
(14:39 / Allies) LactatingMonkey: lets kill dragons
(14:41 / Allies) Hurjsakclamebai: k, 1 sec
(15:21 / Allies) Hurjsakclamebai: omw
(16:27 / Allies) Zeed: HIT
(16:35 / Allies) Zeed: FUCK
(16:53 / Allies) Hurjsakclamebai: lemme buy dragon
(16:59 / Allies) Hurjsakclamebai: k
(17:29 / Allies) OuttaRage: together
(18:04 / Allies) Hurjsakclamebai: gj
(18:50 / Allies) OuttaRage: dun tp
(18:58 / Allies) Hurjsakclamebai: hide an acolyte
(19:00 / Allies) Hurjsakclamebai: if you can
(20:12 / All) Zeed: LOL
(20:19 / All) Hurjsakclamebai: pro harassment all game green
(20:23 / All) Hurjsakclamebai: just herorape over and over
(20:42 / All) Hurjsakclamebai: gg
(20:44 / All) Hurjsakclamebai: raped
(21:48 / All) Hurjsakclamebai: gg
(21:50 / All) Hurjsakclamebai: leave please
(21:51 / Allies) Hurjsakclamebai: gj